Map: King Sejong Station LE

Players

Miszu - Winner!

  • Race: Zerg Zerg
  • League: Master

RoFLatYou

  • Race: Protoss Protoss
  • League: Master

VOD

Have the link to the VOD?

Description

Time

  • Played on: June 29, 2016, 2:05 p.m.
  • Length: 7:11
Show
View Real Time Build Order
Export as new Build Order

Miszu Zerg - Winner!

Build Orders: Hatch First 

Get SALT Encoding   

  12  0:00  Drone  
  13  0:12  Overlord  
  13  0:17  Drone  
  14  0:30  Drone x2  
  16  0:38  Drone  
  17  0:52  Hatchery  
  17  0:55  Drone  
  17  1:00  Extractor  
  17  1:02  Drone  
  17  1:13  Spawning Pool  
  17  1:17  Drone  
  17  1:28  Drone  
  17  1:31  Drone  
  19  1:41  Overlord  
  19  1:51  Drone  
  20  2:00  Drone  
  20  2:01  Queen  
  21  2:04  Queen  
  21  2:06  Zergling x2  
  26  2:10  Zergling x2  
  26  2:13  Metabolic Boost  
  27  2:16  Zergling x2  
  28  2:26  Drone  
  28  2:29  Drone  
  30  2:32  Drone  
  30  2:37  Drone  
  32  2:39  Queen  
  32  2:43  Pneumatized Carapace  
  34  2:45  Drone  
  34  2:47  Drone  
  36  2:57  Overlord  
  35  3:16  Drone x7  
  35  3:17  Drone  
  43  3:20  Overlord  
  43  3:30  Hatchery  
  42  3:37  Drone  
  42  3:40  Overlord  
  43  3:57  Extractor, Lair  
  43  3:58  Extractor  
  43  3:59  Drone x4  
  43  4:00  Baneling Nest, Drone x3  
  43  4:01  Drone  
  48  4:06  Zergling x2  
  48  4:08  Zergling x2  
  50  4:15  Zergling x2  
  51  4:17  Zergling x2  
  52  4:30  Zergling x2  
  52  4:31  Zergling x6  
  56  4:45  Baneling  
  56  4:46  Baneling x3  
  56  4:48  Zergling x12  
  62  4:55  Overlord  
  62  4:56  Overlord  
  62  5:00  Hydralisk Den, Drone x2  
  63  5:10  Drone x2  
  65  5:16  Overlord  
  65  5:19  Zergling x12  
  71  5:25  Overlord  
  71  5:28  Hydralisk  
  71  5:34  Hydralisk  
  71  5:35  Hydralisk x3  
  75  5:38  Muscular Augments  
  80  5:48  Hydralisk x2  
  81  5:57  Overlord x5  
  81  6:04  Overlord  
  81  6:15  Hydralisk x6  
  93  6:19  Zergling x12  
  93  6:20  Zergling x2  
  100  6:27  Hydralisk  
  88  6:32  Hydralisk  
  88  6:34  Zergling x8  
  90  6:46  Hydralisk  
  85  6:49  Zergling x8  
Show
View Real Time Build Order
Export as new Build Order

RoFLatYou Protoss 

Build Orders: 1 Gate Expand 

Get SALT Encoding   

  12  0:00  Probe (Chrono Boost)  
  13  0:13  Pylon  
  13  0:18  Probe (Chrono Boost)  
  14  0:28  Probe (Chrono Boost)  
  15  0:35  Gateway  
  15  0:39  Probe (Chrono Boost)  
  16  0:49  Probe (Chrono Boost)  
  17  0:50  Assimilator  
  17  1:00  Probe (Chrono Boost)  
  18  1:10  Probe (Chrono Boost)  
  19  1:23  Nexus  
  19  1:35  Pylon  
  19  1:42  Probe (Chrono Boost)  
  19  1:43  Cybernetics Core  
  20  1:53  Probe (Chrono Boost)  
  21  1:59  Assimilator  
  21  2:03  Probe (Chrono Boost)  
  22  2:11  Gateway  
  22  2:14  Probe (Chrono Boost)  
  23  2:19  Adept  
  23  2:20  Warp Gate  
  25  2:30  Gateway  
  25  2:34  Probe (Chrono Boost)  
  27  2:37  Probe (Chrono Boost)  
  27  2:45  Probe (Chrono Boost)  
  27  2:47  Probe (Chrono Boost)  
  27  2:50  Adept  
  31  2:57  Probe (Chrono Boost)  
  32  3:01  Probe (Chrono Boost)  
  33  3:08  Probe (Chrono Boost)  
  33  3:12  Pylon, Probe (Chrono Boost)  
  35  3:18  Pylon, Probe (Chrono Boost)  
  36  3:25  Mothership Core (Chrono Boost)  
  38  3:29  Probe (Chrono Boost)  
  39  3:40  Probe (Chrono Boost)  
  40  3:43  Probe (Chrono Boost)  
  40  3:44  Robotics Facility  
  41  3:50  Probe (Chrono Boost)  
  41  3:53  Probe (Chrono Boost)  
  43  3:58  Gateway  
  43  3:59  Gateway  
  43  4:04  Gateway  
  43  4:05  Probe (Chrono Boost)  
  44  4:11  Stargate  
  44  4:14  Probe (Chrono Boost)  
  45  4:18  Probe (Chrono Boost)  
  46  4:24  Assimilator  
  46  4:25  Probe (Chrono Boost)  
  47  4:32  Gateway  
  47  4:33  Pylon  
  47  4:35  Stalker  
  47  4:36  Stalker  
  51  4:41  Stalker  
  53  4:46  Warp Prism (Chrono Boost)  
  55  4:56  Stalker x2  
  55  4:59  Pylon  
  59  5:00  Pylon  
  59  5:02  Adept  
  59  5:04  Sentry  
  59  5:06  Sentry  
  65  5:17  Pylon  
  65  5:22  Stalker x2  
  65  5:24  Stalker  
  65  5:27  Stalker  
  73  5:33  Pylon  
  63  5:53  Zealot x2  
  63  5:54  Zealot x5  
  75  6:06  Gateway  
  75  6:12  Zealot x2  
  75  6:14  Zealot x2  
  75  6:15  Sentry x2  
  75  6:17  Sentry  
  89  6:32  Stalker x2  
  75  6:36  Stalker  
  77  6:45  Zealot  
  77  6:46  Zealot x2  
  75  6:51  Zealot  
  43  7:04  Adept  
  43  7:05  Adept x3  
  43  7:07  Adept x3  
Tags
 
Add a new tag
Caveats
  • Supply blocks, unpowered buildings, or Contaminate may cause inaccurate times.
  • Supply counts are checked every 10 seconds.